 Dungeon Crawl Stone Soup version 0.31.0-7-gf635a9b802 (webtiles) character file.

Game seed: 11412995041427519060

101866 Amaterasu the Fighter (level 15, -23/136 HPs)
             Began as a Pale Draconian Alchemist on Jan 23, 2024.
             Was an Initiate of Gozag.
             Annihilated by an alligator snapping turtle (39 damage)
             ... on level 1 of the Shoals.
             The game lasted 01:24:37 (31264 turns).

Amaterasu the Fighter (Pale Draconian Alchemist)   Turns: 31264, Time: 01:24:37

Health: -23/136    AC: 12    Str: 13    XL:     15   Next: 84%
Magic:  15/31      EV: 16    Int: 27    God:    Gozag
Gold:   4737       SH:  0    Dex: 13    Spells: 6/38 levels left

rFire   . . .        N - +3 demon trident (venom)
rCold   . . .        (no shield)
rNeg    . . .        (body armour unavailable)
rPois   .            (helmet restricted)
rElec   .            (no cloak)
rCorr   .            l - +1 pair of gloves
SInv    +            y - +0 pair of boots
Will    +....        P - amulet of magic regeneration
Stlth   ++           Q - ring of Xom's Full Attention {Fly Str+2 Slay+5 SInv}
HPRegen 0.42/turn    J - +6 ring of intelligence
MPRegen 0.62/turn

%: no passive effects
@: flying
A: breathe steam, AC +9, unfitting armour, cold-blooded, steam resistance
a: Breathe Steam, Renounce Religion, Potion Petition, Call Merchant, Bribe
Branch


You were on level 1 of the Shoals.
You worshipped Gozag.
Gozag was most pleased with you.
You visited 5 branches of the dungeon, and saw 24 of its levels.
You also visited: Gauntlet.

You collected 8018 gold pieces.
You spent 962 gold pieces at shops.
You paid 2319 gold pieces to Gozag.

Inventory:

Hand Weapons
 N - a +3 demon trident of venom (weapon)
Missiles
 w - 7 throwing nets
Armour
 l - a +1 pair of gloves (worn)
 y - a +0 pair of boots (worn)
Jewellery
 t - an amulet of reflection
 v - a ring of resist corrosion
 B - a +5 ring of evasion
 D - a ring of protection from fire
 J - a +6 ring of intelligence (right hand)
 L - a ring of protection from cold
 O - the ring of Xepluh {Fire rElec Slay+3}
   (You found it on level 5 of the Lair of Beasts)

   [ring of fire]

   Fire:      It enhances your fire magic.
   Slay+3:    It affects your accuracy & damage with ranged weapons and melee
   (+3).
   rF+:       It protects you from fire.
   rC-:       It makes you vulnerable to cold.
   rElec:     It insulates you from electricity.
 P - an amulet of magic regeneration (around neck)
 Q - the ring of Xom's Full Attention (left hand) {Fly Str+2 Slay+5 SInv}
   (You bought it in a shop on level 2 of the Orcish Mines)

   [ring of flight]

   Str+2:     It affects your strength (+2).
   Slay+5:    It affects your accuracy & damage with ranged weapons and melee
   (+5).
   SInv:      It lets you see invisible.
   Fly:       It grants you flight.
Wands
 n - a wand of mindburst (1)
 s - a wand of polymorph (6)
 z - a wand of acid (17)
 F - a wand of digging (7)
 G - a wand of charming (8)
 M - a wand of iceblast (8)
Scrolls
 a - 4 scrolls of immolation
 p - 6 scrolls of fear
 q - 2 scrolls of teleportation
 r - 4 scrolls of enchant armour
 x - a scroll of silence
 A - 3 scrolls of poison
 C - 4 scrolls of fog
 E - 5 scrolls of revelation
 H - a scroll of vulnerability
 I - a scroll of amnesia
 K - 6 scrolls of identify
Potions
 b - 4 potions of resistance
 c - 2 potions of enlightenment
 d - 6 potions of brilliance
 e - 3 potions of heal wounds
 f - 2 potions of invisibility
 g - 6 potions of might
 h - 2 potions of haste
 i - 4 potions of ambrosia
 j - 3 potions of lignification
 k - a potion of berserk rage
 m - a potion of cancellation
 o - 2 potions of attraction
 u - 4 potions of mutation


   Skills:
 + Level 13.3 Fighting
 * Level 7.8 Polearms
 * Level 10.7 Dodging
 - Level 1.7 Stealth
 - Level 12.0 Spellcasting
 - Level 10.0 Conjurations
 - Level 10.0 Fire Magic
 - Level 8.0 Ice Magic
 - Level 10.0 Air Magic
 - Level 7.0 Alchemy


You had 6 spell levels left.
You knew the following spells:

 Your Spells              Type           Power      Damage    Failure   Level
a - Sting                 Conj/Alch      100%       1d9       1%          1
b - Mephitic Cloud        Conj/Alch/Air  59%        N/A       1%          3
c - Olgreb's Toxic Radia  Alch           52%        N/A       1%          4
d - Freezing Cloud        Conj/Ice/Air   30%        6-21      2%          5
e - Sticky Flame          Fire/Alch      58%        2d10      1%          4
f - Flame Wave            Conj/Fire      63%        2d15      1%          4
g - Starburst             Conj/Fire      31%        6d10      9%          6
h - Arcjolt               Conj/Air       31%        1d41      1%          5

Your spell library contained the following spells:

 Spells                   Type           Power      Damage    Failure   Level
 Foxfire                  Conj/Fire      100%       2x1d9     1%          1
 Magic Dart               Conj           100%       1d8       1%          1
 Mercury Vapours          Alch/Air       100%       N/A       1%          2
 Dazzling Flash           Conj/Hex       86%        N/A       1%          3
 Hailstorm                Conj/Ice       59%        3d11      1%          3
 Inner Flame              Hex/Fire       43%        N/A       1%          3
 Summon Ice Beast         Ice/Summ       37%        N/A       1%          3
 Volatile Blastmotes      Fire/Tloc      86%        2d17      1%          3
 Necrotise                Necr           64%        1d7       3%          1
 Slow                     Hex            64%        N/A       3%          1
 Summon Small Mammal      Summ           64%        N/A       3%          1
 Summon Blazeheart Golem  Fire/Summ      43%        N/A       4%          4
 Summon Lightning Spire   Summ/Air       43%        N/A       4%          4
 Vhi's Electric Charge    Tloc/Air       86%        N/A       4%          4
 Blink                    Tloc           32%        N/A       5%          2
 Call Imp                 Summ           32%        N/A       5%          2
 Sublimation of Blood     Necr           16%        N/A       5%          2
 Plasma Beam              Fire/Air       31%        2x1d44    9%          6
 Call Canine Familiar     Summ           16%        N/A       11%         3
 Confusing Touch          Hex            16%        N/A       11%         3
 Sigil of Binding         Hex            16%        N/A       11%         3
 Tukima's Dance           Hex            16%        N/A       11%         3
 Vampiric Draining        Necr           16%        2d7       11%         3
 Silence                  Hex/Air        21%        N/A       12%         5
 Yara's Violent Unravell  Hex/Alch       17%        3d8       22%         5
 Sculpt Simulacrum        Ice/Alch       27%        N/A       24%         6
 Manifold Assault         Tloc           16%        N/A       34%         4
 Martyr's Knell           Necr/Summ      16%        N/A       34%         4
 Passage of Golubria      Tloc           16%        N/A       34%         4
 Curse of Agony           Necr           16%        N/A       67%         5
 Lee's Rapid Deconstruct  Erth           8%         3d7*      67%         5
 Dispersal                Tloc           8%         N/A       99%         6
 Maxwell's Capacitive Co  Air            31%        ∞         98%         8
 Summon Hydra             Summ           8%         N/A       100%        7
 Disjunction              Tloc           8%         N/A       100%        8
 Animate Armour           Summ/Erth      Unusable   N/A       N/A         4

Dungeon Overview and Level Annotations

Branches:
Dungeon (15/15)            Temple (1/1) D:4            Lair (5/5) D:11
 Shoals (1/4) Lair:2       Spider (0/4) Lair:3        Slime (0/5) Lair:5
    Orc (2/2) D:9             Elf (0/3) Orc:2        Vaults (0/5) D:13
 Depths (0/4) D:15        Gauntlet (visited)

Altars:
Ashenzari
Cheibriados
Dithmenos
Elyvilon
Fedhas
Gozag
Hepliaklqana
Kikubaaqudgha
Makhleb
Nemelex Xobeh
Okawaru
Qazlal
Ru
Sif Muna
Trog
Uskayaw
Vehumet
Wu Jian
Xom
Yredelemnul
Zin
The Shining One
Jiyva

Shops:
D:6 [!?!([:   Orc:2 *=*=

Annotations:
D:11 1 runed translucent door, TobyConnect's ghost, journeyman TrCK


Innate Abilities, Weirdness & Mutations

You can breathe blasts of scalding, opaque steam.
Your pale cyan-grey scales are hard. (AC +9)
You cannot fit into any form of body armour.
You are cold-blooded and may be slowed by cold attacks.
You are immune to the effects of steam.


Message History

The alligator snapping turtle is severely wounded. (Press . to intensify the flame waves.)
The alligator snapping turtle bites you.
A wave of flame ripples out!
The flame wave engulfs the alligator snapping turtle but does no damage.
The alligator snapping turtle is severely wounded.
The alligator snapping turtle bites you!!
A wave of flame ripples out!
The flame wave engulfs the alligator snapping turtle.
The alligator snapping turtle is severely wounded.
You finish channelling waves of flame.
The alligator snapping turtle closely misses you.
Casting: Flame Wave (mildly dangerous; 1% risk of failure)
Confirm with . or Enter, or press ? or * to list all spells.
Casting: Flame Wave (mildly dangerous; 1% risk of failure)
Press: ? - help, Dir - look around, f - activate A wave of flame ripples out!
The flame wave engulfs the alligator snapping turtle!
The alligator snapping turtle is severely wounded. (Press . to intensify the flame waves.)
You have got your breath back.
The alligator snapping turtle bites you!!
* * * LOW HITPOINT WARNING * * *
A wave of flame ripples out!
The flame wave engulfs the alligator snapping turtle but does no damage.
The alligator snapping turtle is severely wounded.
Unknown command.
A wave of flame ripples out!
The flame wave engulfs the alligator snapping turtle!!
The alligator snapping turtle is almost dead.
You finish channelling waves of flame.
The alligator snapping turtle misses you.
The alligator snapping turtle completely misses you.
The alligator snapping turtle is engulfed in a cloud of scalding steam.
The alligator snapping turtle attacks as it pursues you!
The alligator snapping turtle barely misses you.
The alligator snapping turtle attacks as it pursues you!
The alligator snapping turtle bites you from afar!!!
You die...
Your body crumbles into a pile of gold.

~~~...........~≈≈≈≈≈≈≈≈≈≈≈≈≈#
~~~~......P...~~≈≈≈≈≈≈≈≈≈≈≈≈#
~~~~...P.P.....~≈≈≈≈≈≈≈≈≈≈≈≈#
~~~~~...P.P.P...~≈≈≈≈≈≈≈≈≈≈≈#
~.~~~...........~≈≈≈≈≈≈≈≈≈≈≈#
~~~~~~...P......~~≈≈≈≈≈≈≈≈≈≈#
~~~~~≈PP......#..~≈≈≈≈≈≈§≈≈≈#
~P~~≈≈≈.P######..§≈≈§≈≈≈≈≈≈≈#
..~=~ ##.@§§≈§≈§≈≈≈≈≈# ...~~
#...~~§§§≈≈≈≈≈≈# ..~~
#.§t§~§§§≈≈≈≈≈≈#
#.§§§≈§§§≈≈≈≈≈≈#
#..§~≈§§§≈≈≈≈≈≈#
#..§§§§≈§§≈≈≈≈≈#
##.§~§§§§≈≈≈≈≈≈#
#..§§≈≈≈≈≈≈≈≈≈≈#
#..~~≈≈≈≈≈≈≈≈≈≈


You could see an alligator snapping turtle (very poisoned).

Vanquished Creatures
  Louise (D:14)
  Nessos (D:15)
  A dire elephant (Lair:5)
  The ghost of Hairutzoic the Fighter, a journeyman MiBe of Trog (Lair:5)
  The ghost of Zimaveycw the Spear-Bearer, a journeyman OpFi of Cheibriados (Lair:5)
  The ghost of Ypehuijo the Spear-Bearer, a journeyman OpFi of Gozag (Lair:5)
  An ogre mage (D:15)
  A rakshasa (D:15)
  2 hydras
  4 boulder beetles
  7 centaur warriors
  2 merfolk aquamancers (Shoals:1)
  2 tengu warriors
  6 two-headed ogres
  3 death yaks (Lair:5)
  An orc high priest (Orc:1)
  3 skeletal warriors (D:15)
  A sea snake (Shoals:1)
  2 skysharks
  Lodul (D:13)
  2 lindwurms (Lair:5)
  4 deep elf pyromancers
  A harpy (shapeshifter) (D:14)
  A deep elf zephyrmancer (D:15)
  3 orc knights
  4 harpies (Shoals:1)
  A necromancer (D:15)
  29 ugly things
  4 oklob plants
  5 manticores
  7 cyclopes
  3 orc sorcerers
  2 slime creatures (D:13)
  16 elephants
  3 kobold blastminers (Orc:2)
  A guardian serpent (D:15)
  5 black mambas
  3 merfolk sirens (Shoals:1)
  2 gargoyles
  6 cane toads
  A torpor snail (Lair:3)
  2 kobold demonologists (D:11)
  4 rime drakes
  An efreet (D:15)
  Jeremiah (D:7)
  2 unseen horrors
  2 freezing wraiths
  8 komodo dragons
  3 tengu conjurers
  8 trolls
  A polar bear (Lair:2)
  4 merfolk
  Prince Ribbit (D:7)
  14 blink frogs
  A snapping turtle (Shoals:1)
  6 dream sheep
  Sigmund (D:2)
  2 shadows
  50 yaks
  A wraith (D:10)
  4 steam dragons
  6 water elementals (Shoals:1)
  4 basilisks
  16 humans (D:13)
  12 vampire mosquitoes (D:12)
  Grum (D:8)
  5 wargs
  An acid dragon (D:11)
  14 water moccasins
  31 orc warriors
  4 black bears
  2 laughing skulls (D:15)
  An ice beast (shapeshifter) (D:13)
  5 ogres
  17 wolves
  17 centaurs
  5 boggarts
  3 kobold brigands
  9 bullfrogs
  2 gnoll sergeants
  2 scorpions (D:6)
  2 two-headed ogre simulacra (Orc:2)
  A cane toad simulacrum (Orc:2)
  5 wights (D:9)
  9 killer bees
  3 howler monkeys (D:12)
  2 bombardier beetles
  An electric eel (Lair:2)
  8 jellies
  10 orc priests
  A gnoll bouda (D:7)
  A hound (D:5)
  2 iguanas
  24 orc wizards
  2 troll simulacra (Orc:2)
  4 hell rats (Lair:5)
  A polar bear simulacrum (Orc:2)
  A spriggan simulacrum (Orc:2)
  A wolf simulacrum (Orc:2)
  Robin (D:3)
  20 gnolls
  2 adders
  3 white imps (D:7)
  4 ufetubi (D:6)
  2 ribbon worms
  A dart slug (D:5)
  61 orcs
  12 endoplasms
  3 giant cockroaches
  14 goblins
  15 hobgoblins
  5 jackals (D:3)
  29 kobolds
  4 quokkas
  5 ball pythons
  6 bats
  5 frilled lizards
  7 rats
695 creatures vanquished.

Vanquished Creatures (others)
  A wolf spider zombie (D:15)
  A centaur skeleton (D:15)
  2 centaur simulacra (D:15)
  A hornet zombie (D:15)
  A hell rat (Lair:5)
6 creatures vanquished.

Grand Total: 701 creatures vanquished

Notes
Turn   | Place    | Note
-------+----------+-------------------------------------------
     0 | D:1      | Amaterasu the Draconian Alchemist began the quest for the
                  | Orb.
     0 | D:1      | Reached XP level 1. HP: 14/14 MP: 3/3
   156 | D:1      | Found a faded altar of an unknown god.
   272 | D:1      | Reached XP level 2. HP: 22/22 MP: 5/5
   836 | D:2      | Reached XP level 3. HP: 16/27 MP: 6/6
   963 | D:2      | Learned a level 3 spell: Mephitic Cloud
  1075 | D:2      | Reached skill level 1 in Fighting
  1296 | D:2      | Reached XP level 4. HP: 35/35 MP: 3/7
  1413 | D:2      | Noticed Sigmund
  1513 | D:2      | Killed Sigmund
  1514 | D:2      | Reached skill level 2 in Fighting
  1514 | D:2      | Reached skill level 5 in Alchemy
  1514 | D:2      | Reached XP level 5. HP: 39/41 MP: 2/10
  1519 | D:2      | Learned a level 4 spell: Olgreb's Toxic Radiance
  1530 | D:2      | Reached XP level 6. HP: 38/48 MP: 0/11
  2284 | D:3      | Noticed Robin
  2292 | D:3      | Killed Robin
  2340 | D:3      | Found a radiant altar of Vehumet.
  2491 | D:3      | Found a broken altar of Ashenzari.
  2638 | D:4      | HP: 2/49 [burnt (5)]
  2984 | D:4      | Found a staircase to the Ecumenical Temple.
  3046 | D:4      | Noticed a steam dragon
  3057 | D:4      | Killed a steam dragon
  3058 | D:4      | Your scales start taking on a pale cyan-grey colour.
  3058 | D:4      | Reached XP level 7. HP: 22/56 MP: 10/13
  3058 | D:4      | Gained mutation: You are immune to the effects of steam.
                  | [Pale Draconian growth]
  3092 | Temple   | Entered the Ecumenical Temple
  3274 | D:4      | Found an iron altar of Okawaru.
  3327 | D:4      | Reached skill level 3 in Fighting
  3578 | D:4      | Learned a level 5 spell: Freezing Cloud
  3627 | D:5      | Entered Level 5 of the Dungeon
  3913 | D:5      | Found an ancient bone altar of Kikubaaqudgha.
  3940 | D:5      | Found a shadowy altar of Dithmenos.
  4005 | D:5      | Reached skill level 1 in Air Magic
  4095 | D:5      | Reached skill level 1 in Ice Magic
  4095 | D:5      | Reached XP level 8. HP: 57/63 MP: 12/14
  4575 | D:6      | Found Ochasysk's Magic Scroll Boutique.
  4591 | D:6      | Bought a scroll of identify for 20 gold pieces
  4591 | D:6      | Bought a scroll of identify for 20 gold pieces
  4686 | D:6      | Reached skill level 4 in Fighting
  4757 | D:6      | Found Olesadyu's Armour Boutique.
  4762 | D:6      | Found Ohiecodgh's Distillery.
  4792 | D:6      | Found Vetoh's Antique Weapon Shoppe.
  4808 | D:6      | Found Fin Rof's Distillery.
  4811 | D:6      | Found Purom's Armour Boutique.
  5280 | D:6      | Found Arux's Tremendous Tomes.
  5435 | D:7      | Reached skill level 5 in Spellcasting
  5532 | D:7      | Found an opulent altar of Gozag.
  5540 | D:7      | Became a worshipper of Gozag Ym Sagoz the Greedy
  5544 | D:7      | Noticed a dream sheep
  5544 | D:7      | Noticed a dream sheep
  5545 | D:7      | Noticed a dream sheep
  5550 | D:7      | Killed a dream sheep
  5553 | D:7      | Killed a dream sheep
  5554 | D:7      | Reached XP level 9. HP: 48/71 MP: 1/17
  5615 | D:7      | Noticed Jeremiah
  5634 | D:7      | Killed Jeremiah
  6057 | D:7      | Found a bloodstained altar of Trog.
  6296 | D:7      | Noticed Prince Ribbit
  6314 | D:7      | Killed Prince Ribbit
  6556 | D:8      | Reached skill level 5 in Air Magic
  6641 | D:8      | Reached skill level 5 in Ice Magic
  6939 | D:8      | Noticed Grum
  6949 | D:8      | Killed Grum
  7313 | D:8      | Reached XP level 10. HP: 80/80 MP: 15/20
  8043 | D:8      | Found a shimmering altar of Xom.
  8049 | D:8      | Found a hide-covered altar of Uskayaw.
  8050 | D:8      | Found a sparkling altar of Nemelex Xobeh.
  8052 | D:8      | Found a stormy altar of Qazlal.
  8052 | D:8      | Found a glowing golden altar of the Shining One.
  8280 | D:9      | Reached skill level 5 in Fighting
  8381 | D:9      | Found a staircase to the Orcish Mines.
  8397 | D:9      | Reached skill level 6 in Fighting
  8824 | D:9      | Found a hazy altar of Hepliaklqana.
  9031 | D:9      | Identified the +1 scale mail "Walahag" {Harm MP+9 Dex+4
                  | Slay-6}
  9094 | D:9      | Reached skill level 5 in Conjurations
  9698 | D:10     | Entered Level 10 of the Dungeon
  9862 | D:10     | Found a blossoming altar of Fedhas.
 10311 | D:10     | Learned a level 4 spell: Sticky Flame
 10675 | D:10     | Identified the +2 broad axe of Irut {pain, rCorr}
 10722 | D:10     | Identified the +0 ring mail of Soluckab {*Slow rPois rCorr}
 10778 | D:11     | Reached XP level 11. HP: 36/91 MP: 4/21
 10781 | D:11     | Reached skill level 1 in Fire Magic
 10809 | D:10     | Reached skill level 7 in Fighting
 11103 | D:11     | Found a gate leading to a gauntlet.
 11109 | Gauntlet | Entered a Gauntlet
 11109 | Gauntlet | Found a transporter.
 11112 | Gauntlet | Found a transporter.
 11114 | Gauntlet | Found a transporter.
 11130 | Gauntlet | Found a transporter.
 11131 | Gauntlet | Found a transporter.
 11134 | Gauntlet | Noticed a cacodemon
 11144 | Gauntlet | Found a transporter.
 11154 | Gauntlet | Noticed a catoblepas
 11157 | Gauntlet | Found a transporter.
 11164 | Gauntlet | Noticed a purple ugly thing
 11164 | Gauntlet | Noticed a great orb of eyes
 11167 | Gauntlet | Found a transporter.
 11174 | Gauntlet | Noticed a wretched star
 11176 | Gauntlet | Found a transporter.
 11180 | Gauntlet | Found a runed translucent door.
 11201 | Gauntlet | Found a transporter.
 11211 | Gauntlet | Noticed a tengu warrior
 11220 | Gauntlet | Found a transporter.
 11330 | Gauntlet | Found a transporter.
 11330 | Gauntlet | Found a transporter.
 11332 | Gauntlet | Found a transporter.
 11499 | D:11     | Reached skill level 5 in Dodging
 11607 | D:11     | Noticed a two-headed ogre
 11610 | D:11     | Noticed a sixfirhy
 11619 | D:11     | Killed a two-headed ogre
 11706 | D:11     | Found a runed translucent door.
 11720 | D:11     | Noticed a two-headed ogre
 11731 | D:11     | Killed a two-headed ogre
 11985 | D:11     | Found a staircase to the Lair.
 12211 | D:11     | Noticed TobyConnect's ghost (journeyman TrCK)
 12322 | Lair:1   | Entered Level 1 of the Lair of Beasts
 12347 | Lair:1   | Reached skill level 8 in Fighting
 12593 | Lair:1   | Reached XP level 12. HP: 32/101 MP: 9/23
 13007 | Lair:1   | Found a sparkling altar of Nemelex Xobeh.
 13488 | Lair:2   | Noticed a six-headed hydra
 13499 | Lair:2   | Killed a six-headed hydra
 14202 | Lair:2   | Learned a level 4 spell: Flame Wave
 14209 | Lair:2   | Learned a level 6 spell: Starburst
 14476 | Lair:2   | Found a staircase to the Shoals.
 15020 | Lair:3   | Found a hole to the Spider Nest.
 15188 | Lair:3   | Identified the scarf "Gaorph" {harm, -Tele rN+ Str+8 SInv}
 15295 | Lair:3   | Reached skill level 5 in Fire Magic
 15473 | Lair:3   | Reached skill level 10 in Spellcasting
 16256 | Lair:4   | Learned a level 5 spell: Arcjolt
 16580 | Lair:4   | Reached XP level 13. HP: 108/108 MP: 23/28
 17376 | Lair:5   | Entered Level 5 of the Lair of Beasts
 17376 | Lair:5   | Found a runed translucent gate.
 17376 | Lair:5   | Found a runed translucent gate.
 17376 | Lair:5   | Found a runed translucent gate.
 17421 | Lair:5   | Noticed Hairutzoic's ghost (journeyman MiBe)
 17421 | Lair:5   | Noticed Ypehuijo's ghost (journeyman OpFi)
 17421 | Lair:5   | Noticed Zimaveycw's ghost (journeyman OpFi)
 17974 | Lair:5   | Found a viscous altar of Jiyva.
 17975 | Lair:5   | Found a staircase to the Slime Pits.
 17982 | Lair:5   | Reached skill level 9 in Fighting
 18341 | Lair:5   | Noticed a dire elephant
 18359 | Lair:5   | Killed a dire elephant
 18575 | Lair:5   | Identified the +0 ice dragon scales of the Grue {rF- rC++
                  | rN++}
 19298 | Lair:5   | Killed Ypehuijo's ghost
 19299 | Lair:5   | Killed Zimaveycw's ghost
 19318 | Lair:5   | Killed Hairutzoic's ghost
 19340 | Lair:5   | Identified the ring of Xepluh {Fire rElec Slay+3}
 19568 | Orc:1    | Entered Level 1 of the Orcish Mines
 19802 | Orc:1    | Found a dark tunnel.
 20323 | Orc:1    | Reached skill level 10 in Fighting
 20554 | Orc:2    | Entered Level 2 of the Orcish Mines
 20561 | Orc:2    | Reached XP level 14. HP: 102/121 MP: 25/30
 20660 | Orc:2    | Found a frozen archway.
 21727 | Orc:2    | Found Harphain's Jewellery Shoppe.
 21727 | Orc:2    | Found Pejae's General Store.
 21748 | Orc:2    | Found Vudat's Assorted Antiques.
 21750 | Orc:2    | Found Raob's Jewellery Shop.
 21772 | Orc:2    | Found a staircase to the Elven Halls.
 22254 | Orc:2    | Bought an amulet of magic regeneration for 330 gold pieces
 22256 | Orc:2    | Bought the ring of Xom's Full Attention {Fly Str+2 Slay+5
                  | SInv} for 592 gold pieces
 22462 | D:12     | Found a shadowy altar of Dithmenos.
 22781 | D:12     | Reached skill level 10 in Air Magic
 23884 | D:13     | Noticed Lodul
 23884 | D:13     | Found a gate to the Vaults.
 23890 | D:13     | Killed Lodul
 23897 | D:13     | Reached skill level 11 in Fighting
 23897 | D:13     | Reached skill level 10 in Dodging
 25516 | D:14     | Reached skill level 10 in Fire Magic
 25529 | D:14     | Reached XP level 15. HP: 29/132 MP: 12/31
 25920 | D:14     | Reached skill level 12 in Fighting
 25921 | D:14     | Reached skill level 10 in Conjurations
 26337 | D:14     | Noticed Louise
 26347 | D:14     | Killed Louise
 26904 | D:15     | Entered Level 15 of the Dungeon
 26933 | D:15     | Reached skill level 1 in Polearms
 28259 | D:15     | Reached skill level 13 in Fighting
 28407 | D:15     | Noticed Nessos
 28422 | D:15     | Killed Nessos
 28802 | D:15     | Reached skill level 5 in Polearms
 29122 | D:15     | Found a staircase to the Depths.
 29866 | Shoals:1 | Entered Level 1 of the Shoals
 29968 | Shoals:1 | HP: 6/136 [poisoned by a merfolk aquamancer]
 31264 | Shoals:1 | Annihilated by an alligator snapping turtle

Illustrated notes

Levels and vault maps discovered:
D:1:      psy_arrival_statuary, layout_loops_ring,
          shapermc_ecumenical_altar_mp_highgroup
D:2:      layout_basic, uniq_sigmund
D:3:      layout_basic, nicolae_vehumet_altar_sigil,
          mainiacjoe_overflow_chevrons, fountainhead, uniq_robin
D:4:      layout_loops_ring, okawaru_trees_1, temple_fountains, sigmund_army
D:5:      layout_basic, mainiacjoe_overflow_concentric_impassable,
          mainiacjoe_overflow_tiny_flanked
D:6:      layout_gridville, serial_shops, nicolae_shop_tiny_waterfront,
          nicolae_shop_i_like_big_books, corexii_item_surrounded_by_moat,
          nicolae_shop_national_dungeon_mall
D:7:      layout_rooms, grunt_gozag_statues, trog_hazing_becter,
          dreamdust_gnoll_shepherd, uniq_prince_ribbit1, uniq_jeremiah
D:8:      layout_layer_cave, mainiacjoe_overflow_alcove_3,
          general_overflow_altar, uniq_grum
D:9:      layout_long_grid, mainiacjoe_overflow_24_doors, orc_0_dummy,
          hangedman_fish_farm
D:10:     layout_basic, fedhas_bush_and_centaur_altar
D:11:     layout_cave_pools, grunt_lair_entry_orc_guard_hut,
          gammafunk_ghost_grave, gauntlet_entry_generic
D:12:     layout_small_grid, serial_glass, glass_columns_b, glass_columns_a,
          glass_columns_b, glass_columns_c, glass_columns_a, glass_columns_c,
          glass_columns_a, glass_columns_a, item_on_display_a,
          due_unseen_surprise, minmay_strange_pillars,
          grunt_dithmenos_smoke_and_mirrors
D:13:     layout_irregular_city, david_vaults_3, grunt_decor_mini_mirrors
D:14:     layout_roguey, uniq_louise
D:15:     grunt_enter_depths_magical_seal, layout_basic, grunt_decor_one_mirror,
          nrook_guardian_serpent_ordinary, uniq_nessos
Temple:   nicolae_temple_godpark
Lair:1:   layout_regular_city, basic_altar, serial_bayou_shore_b
Lair:2:   layout_gridlike, elwin_shoals_entry_rocks, mumra_transporter_accident
Lair:3:   minmay_lair_oklob_chamber, layout_regular_city,
          spider_nest_entry_web_field, serial_bayou_shore_b
Lair:4:   layout_small_grid, grunt_megastairs_5
Lair:5:   hangedman_lair_in_review, layout_long_grid,
          nicolae_slime_entry_slimehenge, gammafunk_ghost_cemetery
Shoals:1: layout_shoals, nicolae_shoals_this_corrosion
Orc:1:    layout_caves, nicolae_volcano_entry_two_sided, nicolae_orc_lava_room
Orc:2:    st_orc_rangers, layout_diamond_mine,
          portal_ice_cave_entry_ice_simulacra, basic_altar

Skill      XL: |  1  2  3  4  5  6  7  8  9 10 11 12 13 14 15 |
---------------+----------------------------------------------+-----
Alchemy        | 4 5 6 7 |  7.0
Fighting       | 1 2 3 4 6 8 10 11 13 | 13.3
Spellcasting   | 3 4 5 7 11 12 | 12.0
Conjurations   | 2 3 5 6 7 8 9 10 | 10.0
Dodging        | 2 4 7 8 10 | 10.7
Air Magic      | 1 3 6 7 8 9 10 | 10.0
Ice Magic      | 1 3 5 7 8 |  8.0
Fire Magic     | 3 5 7 10 | 10.0
Polearms       | 7 |  7.8
Stealth        | |  1.7

Action                     |  1- 3 |  4- 6 |  7- 9 | 10-12 | 13-15 || total
---------------------------+-------+-------+-------+-------+-------++-------
  Melee: Flail             |    93 |    57 |       |       |       ||   150
         Tailslap          |    10 |    17 |    20 |    68 |   121 ||   236
         Punch             |       |     1 |     2 |     8 |     8 ||    19
         Whip              |       |    53 |   163 |   394 |   384 ||   994
         Demon trident     |       |       |       |       |   185 ||   185
   Cast: Sting             |    14 |    17 |    45 |    47 |    19 ||   142
         Mephitic Cloud    |       |     2 |     5 |    18 |     5 ||    30
         Olgreb's Toxic Ra |       |     2 |    12 |    51 |    92 ||   157
         Sticky Flame      |       |       |       |     5 |    78 ||    83
         Flame Wave        |       |       |       |     7 |    35 ||    42
         Arcjolt           |       |       |       |     2 |    32 ||    34
         Freezing Cloud    |       |       |       |     1 |     5 ||     6
 Invoke: Potion Petition   |       |       |       |     1 |     4 ||     5
Ability: Breathe Steam     |       |       |     9 |    16 |     7 ||    32
  Evoke: Wand              |       |       |       |     2 |       ||     2
    Use: Scroll            |     1 |     9 |     9 |     8 |     3 ||    30
         Potion            |       |     1 |     1 |     3 |     5 ||    10
   Stab: Sleeping          |     6 |     3 |     5 |     3 |     2 ||    19
         Confused          |       |       |     2 |     7 |     2 ||    11
         Distracted        |       |       |       |       |     4 ||     4
         Invisible         |       |       |       |       |     1 ||     1
 Armour: Skin              |    57 |    83 |   165 |   280 |   528 ||  1113
  Dodge: Dodged            |    81 |   127 |   164 |   433 |   736 ||  1541
  Block: Other             |       |       |    14 |   120 |    73 ||   207
         Reflection        |       |       |     2 |    11 |     9 ||    22
